 Dungeon Crawl Stone Soup version 0.30-a0-989-g0d87f670db (webtiles) character file.

Game seed: 8590524182571310854

7 NinjaNoafa the Firebug (level 2, 0/19 HPs)
             Began as a Gnoll Fire Elementalist on Apr 3, 2023.
             Constricted to death by a ball python (1 damage)
             ... on level 1 of the Dungeon.
             The game lasted 00:00:56 (42 turns).

NinjaNoafa the Firebug (Gnoll Fire Elementalist)      Turns: 42, Time: 00:00:57

Health: 0/19       AC:  2    Str:  7    XL:     2   Next: 0%
Magic:  1/7        EV: 10    Int: 14    God:
Gold:   10         SH:  0    Dex: 12    Spells: 9/10 levels left

rFire   + . .      SeeInvis .    d - +0 dagger
rCold   + . .      Faith    .    (no shield)
rNeg    . . .      Spirit   .    a - +0 robe
rPois   +          Reflect  .    (no helmet)
rElec   +          Rampage  .    (no cloak)
rCorr   +                        (no gloves)
Will    .....                    (no boots)
Stlth   ++                       (no amulet)
HPRegen 0.23/turn                (no ring)
MPRegen 0.10/turn                (no ring)

@: resistant, constricted
A: fangs 1, strong nose, distributed training
a: no special abilities


You were on level 1 of the Dungeon.
You visited 1 branch of the dungeon, and saw 1 of its levels.

You collected 10 gold pieces.

Inventory:

Hand Weapons
 d - a +0 dagger (weapon)
Armour
 a - a +0 robe (worn)
Potions
 b - a potion of magic
 c - a potion of resistance


   Skills:
 + Level 0.2 Fighting
 + Level 0.2 Short Blades
 + Level 0.2 Long Blades
 + Level 0.2 Axes
 + Level 0.2 Maces & Flails
 + Level 0.2 Polearms
 + Level 0.2 Staves
 + Level 0.2 Ranged Weapons
 + Level 0.2 Throwing
 + Level 0.2 Armour
 + Level 4.4 Dodging
 + Level 4.0 Stealth
 + Level 0.2 Shields
 + Level 0.2 Unarmed Combat
 + Level 4.9 Spellcasting
 + Level 2.0 Conjurations
 + Level 0.1 Hexes
 + Level 0.1 Summonings
 + Level 0.1 Necromancy
 + Level 0.1 Translocations
 + Level 0.1 Transmutations
 + Level 5.3 Fire Magic
 + Level 0.1 Ice Magic
 + Level 0.1 Air Magic
 + Level 0.1 Earth Magic
 + Level 0.1 Poison Magic
 + Level 0.3 Invocations
 + Level 0.2 Evocations


You had 9 spell levels left.
You knew the following spells:

 Your Spells              Type           Power      Damage    Failure   Level
a - Foxfire               Conj/Fire      52%        2x1d4     4%          1

Your spell library contained the following spells:

 Spells                   Type           Power      Damage    Failure   Level
 Scorch                   Fire           36%        2d6       3%          2
 Summon Small Mammal      Summ           12%        N/A       17%         1
 Inner Flame              Hex/Fire       11%        N/A       17%         3
 Kindle Blastsparks       Fire/Tloc/Air  16%        2d11      24%         3
 Flame Wave               Conj/Fire      13%        2d6       36%         4
 Call Canine Familiar     Summ           3%         N/A       45%         3
 Summon Guardian Golem    Hex/Summ       3%         N/A       45%         3


Dungeon Overview and Level Annotations

Branches:
Dungeon (1/15)

Altars:


Innate Abilities, Weirdness & Mutations

You have very sharp teeth.
Your uncanny sense of smell can sniff out nearby items.
Your experience applies equally to all skills.


Message History

The giant cockroach closely misses you.
The ball python bites you but does no damage.
The ball python barely misses you. The giant cockroach closely misses you.
The ball python barely misses you. The ball python misses you.
The giant cockroach bites you.
You see here a +0 dagger.
d - a +0 dagger The giant cockroach closely misses you.
The ball python barely misses you. x2
d - a +0 dagger (weapon)
The ball python attacks as you move away!
The ball python bites you. The ball python barely misses you.
The ball python completely misses you. The ball python closely misses you.
The giant cockroach bites you. The kobold hits you with a +0 club.
* * * LOW HITPOINT WARNING * * *
The giant cockroach attacks as you move away!
The giant cockroach bites you but does no damage.
The kobold attacks as you move away! The kobold hits you with a +0 club.
* * * LOW HITPOINT WARNING * * *
Unknown command.
Casting: Foxfire (safe; 4% risk of failure)
Confirm with . or Enter, or press ? or * to list all spells.
You conjure some foxfire!
The kobold hits you with a +0 club.
* * * LOW HITPOINT WARNING * * *
Unknown command.
Unknown command.
The foxfire hits the kobold.
The kobold is severely wounded.
The foxfire hits the kobold.
You kill the kobold!
You have reached level 2!
Found 3 stones.
The ball python bites you.
* * * LOW HITPOINT WARNING * * *
The ball python grabs you. The ball python constricts you.
It was a potion of resistance.
You feel protected. The ball python bites you.
* * * LOW HITPOINT WARNING * * *
The ball python constricts you.
You die...

∆ #. ..... ...
###.###.#!#######.#
###
........#.##......#...
#.......##......#.##
#.!......)..........∆
...#.#.#...##......#.
...........##..B†..#
...#.#.#..)##..S...#
#..........†...@#.#
....#.#.#.#####.# #
###.#.........#..
##########.....#...
~≈≈≈≈≈≈≈~P..####....
P~≈≈≈≈≈~P...# #.#.#(
.P~≈≈~≈P....# #.#....
..P~≈~P.....# #.#..#.#
...P~P......#


You could see a giant cockroach and a ball python.

Vanquished Creatures
  A goblin (D:1)
  A hobgoblin (D:1)
  2 bats (D:1)
  2 kobolds (D:1)
6 creatures vanquished.

Vanquished Creatures (others)
  12 foxfires (D:1)
12 creatures vanquished.

Grand Total: 18 creatures vanquished

Notes
Turn   | Place    | Note
-------+----------+-------------------------------------------
     0 | D:1      | NinjaNoafa the Gnoll Fire Elementalist began the quest for
                  | the Orb.
     0 | D:1      | Reached XP level 1. HP: 13/13 MP: 6/6
    39 | D:1      | Reached XP level 2. HP: 3/19 MP: 0/7
    42 | D:1      | Constricted to death by a ball python

Illustrated notes

Levels and vault maps discovered:
D:1:      eino_arrival_druids_welcome, layout_basic,
          dreamdust_ecumenical_altar_statues, grunt_decor_arrowhead

Skill      XL: |  1 |
---------------+----+-----
Conjurations   | 2 |  2.0
Fighting       | |  0.2
Short Blades   | |  0.2
Long Blades    | |  0.2
Axes           | |  0.2
Maces & Flails | |  0.2
Polearms       | |  0.2
Staves         | |  0.2
Ranged Weapons | |  0.2
Throwing       | |  0.2
Armour         | |  0.2
Dodging        | |  4.4
Stealth        | |  4.0
Shields        | |  0.2
Unarmed Combat | |  0.2
Spellcasting   | |  4.9
Hexes          | |  0.1
Summonings     | |  0.1
Necromancy     | |  0.1
Translocations | |  0.1
Transmutations | |  0.1
Fire Magic     | |  5.3
Ice Magic      | |  0.1
Air Magic      | |  0.1
Earth Magic    | |  0.1
Poison Magic   | |  0.1
Invocations    | |  0.3
Evocations     | |  0.2

Action                     || total
---------------------------++-------
   Cast: Foxfire           ||     8
    Use: Potion            ||     1
 Armour: Robe              ||     2
  Dodge: Dodged            ||    13

Table legend: (Time is in decaauts)
 A = Elapsed time spent in this place.
 B = Non-inter-level travel time spent in this place.
 C = Inter-level travel time spent in this place.
 D = Time resting spent in this place.
 E = Time spent auto-exploring this place.
 F = Levels seen in this place.
 G = Mean time per level.
                   A        B        C        D        E       F      G
               +--------+--------+--------+--------+--------+-----+--------+
         Total |     41 |     41 |      0 |      0 |     10 |   1 |   41.0 |
       Dungeon |     41 |     41 |      0 |      0 |     10 |   1 |   41.0 |
               +--------+--------+--------+--------+--------+-----+--------+

Top non-repeatable levels by time:
     D:1: 41 daAuts
